 Dungeon Crawl Stone Soup version 0.29.1-15-g9cfb28693d (webtiles) character file.

Game seed: 16054692528786368155

65 dobroeutro the Cudgeller (level 4, 0/28 HPs)
             Began as a Gargoyle Fighter on Apr 21, 2023.
             Slain by a hobgoblin
             ... wielding the +11 long sword "Haane" {flame, Fragile Fly Dex+7}
              (14 damage)
             ... on level 3 of the Dungeon.
             The game lasted 00:03:22 (2011 turns).

dobroeutro the Cudgeller (Gargoyle Fighter)         Turns: 2011, Time: 00:03:22

Health: 0/28       AC: 10    Str: 28    XL:     4   Next: 13%
Magic:  4/4        EV:  9    Int:  8    God:
Gold:   150        SH:  4    Dex:  9    Spells: 3/3 levels left

rFire   . . .      SeeInvis .   o - +2 hand axe (elec)
rCold   . . .      Faith    .   c - +0 buckler
rNeg    + . .      Spirit   .   b - +0 scale mail
rPois   ∞          Reflect  .   (no helmet)
rElec   +          Harm     .   (no cloak)
rCorr   .          Rampage  .   (no gloves)
Will    .....                   (no boots)
Stlth   ..........              (no amulet)
HPRegen 0.09/turn               l - +6 ring of strength
MPRegen 0.09/turn               (no ring)

@: no status effects
A: sickness immunity, AC +3, negative energy resistance 1, electricity
resistance, torment resistance 1, petrification resistance
a: no special abilities


You were on level 3 of the Dungeon.
You visited 1 branch of the dungeon, and saw 4 of its levels.

You collected 150 gold pieces.

Inventory:

Hand Weapons
 a - a +0 flail
 o - a +2 hand axe of electrocution (weapon)
Armour
 b - a +0 scale mail (worn)
 c - a +0 buckler (worn)
Jewellery
 l - a +6 ring of strength (left hand)
Scrolls
 f - 4 scrolls of identify {unknown}
 g - a scroll of enchant weapon {unknown}
 h - 4 scrolls of amnesia {unknown}
 i - a scroll of butterflies {unknown}
 j - a scroll of noise {unknown}
 k - a scroll of brand weapon {unknown}
 n - a scroll of magic mapping {unknown}
 q - a scroll of immolation {unknown}
 r - a scroll of silence {unknown}
 s - a scroll of teleportation {unknown}
 t - a scroll of enchant armour {unknown}
 u - a scroll of blinking {unknown}
 v - a scroll of poison {unknown}
Potions
 d - a potion of might
 e - a potion of attraction {unknown}
 m - 2 potions of flight {unknown}
 p - a potion of curing {unknown}
 w - a potion of degeneration {unknown}
 x - 2 potions of haste {unknown}


   Skills:
 - Level 3.2 Fighting
 + Level 4.2 Maces & Flails
 - Level 3.2 Armour
 - Level 0.3 Dodging
 - Level 3.2 Shields


You had 3 spell levels left.
You didn't know any spells.
Your spell library contained the following spells:

 Spells                   Type           Power      Damage    Failure   Level
 Magic Dart               Conj           0%         1d3       77%         1
 Summon Small Mammal      Summ           0%         N/A       77%         1
 Blink                    Tloc           0%         N/A       88%         2
 Searing Ray              Conj           0%         2d4       88%         2
 Call Canine Familiar     Summ           0%         N/A       98%         3
 Lesser Beckoning         Tloc           0%         N/A       98%         3
 Summon Guardian Golem    Hex/Summ       0%         N/A       98%         3
 Fulminant Prism          Conj/Hex       0%         3d6       100%        4
 Manifold Assault         Tloc           0%         N/A       100%        5


Dungeon Overview and Level Annotations

Branches:
Dungeon (4/15)
 Temple: D:4-7

Altars:
Makhleb


Innate Abilities, Weirdness & Mutations

You are immune to sickness and miasma.
Your stone body is resilient. (AC +3)
You are immune to poison.
You resist negative energy. (rN+)
You are resistant to electric shocks. (rElec)
You are resistant to unholy torment.
You are immune to petrification.


Message History

You slash the quokka!
You kill the quokka!
You hit the giant cockroach.
The giant cockroach bites you but does no damage. x2
You barely miss the giant cockroach.
The giant cockroach is heavily wounded.
You block the giant cockroach's attack.
You hit the giant cockroach.
Lightning courses through the giant cockroach!
You kill the giant cockroach!
No target in view!
No target in view!
Found a dagger.
You see here a +0 dagger.
Found a stone staircase leading up.
x - 2 fuming purple potions You see here a staff of earth.
You now have 150 gold pieces (gained 13).
A hobgoblin comes into view.
It is wielding the +11 long sword "Haane" {flame, Fragile Fly Dex+7}.
The hobgoblin shouts!
The hobgoblin drinks a potion.
The hobgoblin suddenly seems more resistant.
The hobgoblin hits you with the +11 long sword "Haane" {flame, Fragile Fly Dex+7}.
The hobgoblin burns you.
You barely miss the hobgoblin.
The hobgoblin hits you with the +11 long sword "Haane" {flame, Fragile Fly Dex+7}!
The hobgoblin burns you.
You are too injured to fight recklessly!
You are too injured to fight recklessly!
You are too injured to fight recklessly!
You are too injured to fight recklessly!
You are too injured to fight recklessly!
You are too injured to fight recklessly!
You are too injured to fight recklessly!
You are too injured to fight recklessly!
You are too injured to fight recklessly!
You hit the hobgoblin but do no damage.
The hobgoblin hits you with the +11 long sword "Haane" {flame, Fragile Fly Dex+7}!
Ouch! That really hurt!
You die...

## #.. #.###########
#....@g......
#..#########. ###
#.......... ..#####
#..|.....#. ###.#....
#.......<... ..#.#.###
#....#####.# #.#.#.#
#..........# #.#.#.###
#.....###..###.#.#....
#..#..).#..).>...#.###


You could see a hobgoblin (resistant).

Vanquished Creatures
  An adder (D:3)
  3 orcs (D:3)
  7 bats
  5 endoplasms
  2 giant cockroaches
  5 goblins (D:1)
  4 hobgoblins
  5 kobolds (D:1)
  3 quokkas
  7 ball pythons
  4 frilled lizards
  2 rats
48 creatures vanquished.

Vanquished Creatures (others)
  4 plants (D:3)
4 creatures vanquished.

Grand Total: 52 creatures vanquished

Notes
Turn   | Place    | Note
-------+----------+-------------------------------------------
     0 | D:1      | dobroeutro the Gargoyle Fighter began the quest for the
                  | Orb.
     0 | D:1      | Reached XP level 1. HP: 14/14 MP: 1/1
   230 | D:1      | Reached XP level 2. HP: 16/19 MP: 2/2
   386 | D:1      | Reached skill level 3 in Maces & Flails
   610 | D:1      | Reached XP level 3. HP: 22/23 MP: 3/3
  1762 | D:3      | Found a burning altar of Makhleb.
  1875 | D:3      | You fall into a shaft and drop 1 floor!
  1940 | D:3      | Reached skill level 4 in Maces & Flails
  1987 | D:3      | Reached XP level 4. HP: 27/28 MP: 4/4
  2006 | D:3      | Identified the +11 long sword "Haane" {flame, Fragile Fly
                  | Dex+7}
  2011 | D:3      | Slain by a hobgoblin

Illustrated notes

Levels and vault maps discovered:
D:1:      psy_arrival_statuary, layout_loops_ring
D:2:      layout_rooms
D:3:      layout_basic, bloody_makhleb, gammafunk_ghost_gnarly_gnolls,
          dreamdust_ecumenical_altar_angels_and_demons, serial_shops, shop,
          grunt_ministairs_15, cheibrodos_gnoll_hut
D:4:      layout_basic, gammafunk_temple_overflow_pools, tgw_trog,
          minmay_temple_entry_mist, uniq_menkaure

Skill      XL: |  1  2  3 |
---------------+----------+-----
Maces & Flails | 3 4 |  4.2
Fighting       | |  3.2
Armour         | |  3.2
Dodging        | |  0.3
Shields        | |  3.2

Action                   |  1- 3 |  4- 6 || total
-------------------------+-------+-------++-------
Melee: Flail             |    93 |       ||    93
       Hand axe          |    41 |     5 ||    46
Armor: Scale mail        |    81 |     2 ||    83
Dodge: Dodged            |    69 |       ||    69
Block: Buckler           |    23 |     1 ||    24
